 Dungeon Crawl Stone Soup version 0.26.0-10-g1f06aea511 (webtiles) character file.

Game seed: 10410122717745470529

24500 Borgoz the Nimble (level 13, -3/111 HPs)
             Began as a Ghoul Gladiator on Jan 18, 2021.
             Was a High Priest of Okawaru.
             Blown up by Sonja (14 damage)
             ... with a disintegration bolt
             ... while petrified by a basilisk
             ... on level 2 of the Lair of Beasts.
             The game lasted 00:20:26 (17387 turns).

Borgoz the Nimble (Ghoul Gladiator)                Turns: 17387, Time: 00:20:27

Health: -3/111     AC: 20    Str: 25    XL:     13   Next: 13%
Magic:  15/15      EV:  2    Int:  6    God:    Okawaru [*****.]
Gold:   928        SH:  0    Dex: 20    Spells: 12/12 levels left

rFire    + . .     SeeInvis .   p - +5 scimitar
rCold    + . .     Faith    .   (no shield)
rNeg     + + +     Spirit   .   d - +0 scale mail {rF+}
rPois    ∞         Reflect  .   q - +1 helmet {Int+3}
rElec    .         Harm     .   D - +0 cloak
rCorr    .         Rampage  .   r - +2 pair of gloves "Joat" {Regen+}
Will     .....                  C - +0 pair of boots
Stlth    ++........             (no amulet)
HPRegen  0.00/turn              k - +6 ring of dexterity
MPRegen  0.14/turn              b - +6 ring of strength

@: petrified, heroism, marked
A: claws 1, cold resistance 1, negative energy resistance 3, inhibited
regeneration, torment resistance, unbreathing
a: Renounce Religion, Heroism, Finesse


You were on level 2 of the Lair of Beasts.
You worshipped Okawaru.
Okawaru was extremely pleased with you.
You visited 3 branches of the dungeon, and saw 14 of its levels.

You collected 928 gold pieces.

Inventory:

Hand Weapons
 p - a +5 scimitar (weapon)
 t - a +0 great sword
 v - the +1 triple sword of the Fox {vorpal, Dex+4 Stlth+}
   (Okawaru gifted it to you on level 9 of the Dungeon)

   It inflicts extra damage upon your enemies.
   It affects your dexterity (+4).
   It makes you more stealthy.
Armour
 d - a +0 scale mail of fire resistance (worn)
 q - a +1 helmet of intelligence (worn)
 r - the +2 pair of gloves "Joat" (worn) {Regen+}
   (You found it on level 1 of the Lair of Beasts)

   It increases your rate of regeneration.
 C - a +0 pair of boots (worn)
 D - a +0 cloak (worn)
Jewellery
 b - a +6 ring of strength (right hand)
 c - a +4 ring of evasion
 k - a +6 ring of dexterity (left hand)
 o - an uncursed ring of see invisible
 A - a +6 ring of dexterity
Wands
 z - a wand of disintegration (8)
Scrolls
 a - a scroll of magic mapping
 e - 14 scrolls of remove curse
 f - a scroll of blinking
 g - 6 scrolls of teleportation
 h - 2 scrolls of fog
 i - a scroll of fear
 j - 6 scrolls of identify
 w - a scroll of enchant weapon
 x - a scroll of summoning
 y - a scroll of enchant armour
Potions
 l - 3 potions of cancellation
 m - 3 potions of heal wounds
 n - 3 potions of resistance
 s - 3 potions of curing
 u - 4 potions of brilliance
 B - a potion of haste


   Skills:
 + Level 9.2(14.2) Fighting
 * Level 10.8(15.8) Long Blades
 - Level 1.7(6.7) Throwing
 * Level 10.5(15.5) Armour
 * Level 10.9(15.9) Dodging
 - Level 5.0 Invocations


You had 12 spell levels left.
You didn't know any spells.
Your spell library contained the following spells:

 Spells                   Type           Power        Failure   Level
 Freeze                   Ice            0%           65%         1
 Magic Dart               Conj           0%           65%         1
 Searing Ray              Conj           0%           80%         2
 Dazzling Flash           Conj/Hex       0%           95%         3
 Frozen Ramparts          Ice            0%           95%         3
 Ozocubu's Armour         Ice            0%           95%         3
 Animate Dead             Necr           0%           100%        4
 Fulminant Prism          Conj/Hex       0%           100%        4
 Hailstorm                Conj/Ice       0%           100%        4
 Iskenderun's Mystic Bla  Conj/Tloc      0%           100%        4
 Summon Ice Beast         Ice/Summ       0%           100%        4
 Borgnjor's Vile Clutch   Necr/Erth      0%           100%        5
 Death Channel            Necr           0%           100%        6
 Simulacrum               Ice/Necr       0%           100%        6
 Beastly Appendage        Tmut           Unusable     N/A         1
 Wereblood                Tmut           Unusable     N/A         2
 Spider Form              Tmut/Pois      Unusable     N/A         3
 Ice Form                 Ice/Tmut       Unusable     N/A         4
 Blade Hands              Tmut           Unusable     N/A         5

Dungeon Overview and Level Annotations

Branches:
Dungeon (11/15)            Temple (1/1) D:5            Lair (2/6) D:10
  Snake (0/4) Lair:2          Orc (0/2) D:9
  Swamp: Lair:2-4    Shoals: Lair:2-4

Altars:
Ashenzari
Cheibriados
Dithmenos
Elyvilon
Fedhas
Gozag
Hepliaklqana
Kikubaaqudgha
Makhleb
Nemelex Xobeh
Okawaru
Qazlal
Ru
Sif Muna
Trog
Uskayaw
Vehumet
Wu Jian
Xom
Yredelemnul
Zin
The Shining One

Shops:
D:5 =   D:8 (

Annotations:
D:8 exclusion: 2 oklob plants
Lair:2 Sonja


Innate Abilities, Weirdness & Mutations

You thrive by killing the living.
You are immune to poison.
You have sharp fingernails.
Your flesh is cold resistant. (rC+)
You are immune to negative energy. (rN+++)
You do not regenerate when monsters are visible.
You are immune to unholy pain and torment.
You can survive without breathing.


Message History

The yak gores you but does no damage. x3; Sonja hits you but does no damage.
Space warps horribly around you!!
* * * LOW HITPOINT WARNING * * *
Sonja hits you but does no damage. Space bends around you.
* * * LOW HITPOINT WARNING * * *
Sonja hits you with a +1 short sword of distortion.
* * * LOW HITPOINT WARNING * * *
Space bends around you.
* * * LOW HITPOINT WARNING * * *
You hear the slow rumble of a distant avalanche of rocks.
The yak gores you!
* * * LOW HITPOINT WARNING * * *
The yak gores you.
* * * LOW HITPOINT WARNING * * *
The yak gores you!
* * * LOW HITPOINT WARNING * * *
The yak gores you.
* * * LOW HITPOINT WARNING * * *
Sonja zaps a wand.
You are blasted!
You die...

*,#.#..........##
*#......##.....P#
##..##.###....##
*#........†[P##
*..,#.....†).#
*,*,##.......#
**,*....<..Y.#
*,,.....lYYY##
*,,..##.lY@Y.#*
*,,......K..#.#
**,,.........##*
*,*,.......#..*
***,/......,P.#
*,,.......,..#
**,.......,.P#
****>......,..#
*,*,,,,,,,,,***


You could see a komodo dragon, 6 yaks, a basilisk and Sonja.

Vanquished Creatures
  Harold (Lair:2)
  A boulder beetle (D:11)
  A two-headed ogre (D:9)
  2 unseen horrors
  Pikel (D:6)
  2 orc knights (D:11)
  4 cyclopes (D:11)
  An elephant (D:10)
  2 cane toads (Lair:1)
  2 centaur skeletons
  A komodo dragon (Lair:1)
  A kobold demonologist (D:11)
  5 trolls
  A polar bear (Lair:1)
  Prince Ribbit (D:5)
  Grinder (D:6)
  A slime creature (D:8)
  5 blink frogs (Lair:1)
  A wraith (D:11)
  A shadow (D:9)
  Eustachio (D:5)
  2 wyverns
  27 yaks
  2 basilisks
  Grum (D:11)
  A soldier ant (D:8)
  5 water moccasins (Lair:1)
  9 orc warriors
  3 phantoms
  3 black bears
  4 sky beasts
  3 ice beasts
  A hornet zombie (D:11)
  7 ogres
  A necrophage (D:10)
  11 wolves
  8 centaurs
  A big kobold (D:10)
  11 bullfrogs
  A gnoll sergeant (D:10)
  4 scorpions
  14 killer bees
  4 howler monkeys
  8 wights
  A bullfrog zombie (D:10)
  2 centaur zombies
  A quasit (D:10)
  4 hounds
  13 orc wizards
  6 orc priests
  2 jellies
  A bullfrog skeleton (D:11)
  Jessica (D:2)
  Natasha (thrice) (D:2)
  3 iguanas
  Terence (D:2)
  8 worker ants
  4 hell rats (Lair:2)
  2 hound zombies
  3 hound skeletons
  3 worker ant zombies
  Robin (D:2)
  5 gnolls (D:10)
  6 adders
  A shadow imp (D:5)
  2 white imps
  An ufetubus (D:8)
  An ooze (D:3)
  An adder skeleton (D:5)
  3 worms
  2 dart slugs (D:2)
  7 leopard geckos
  60 orcs
  A ball python (D:1)
  5 giant cockroaches
  19 goblins
  13 hobgoblins
  6 jackals
  7 quokkas
  7 bats
  2 frilled lizards
  13 kobolds
  A quokka skeleton (D:6)
  4 rats
393 creatures vanquished.

Vanquished Creatures (others)
  2 fungi
  11 plants
13 creatures vanquished.

Grand Total: 406 creatures vanquished

Notes
Turn   | Place    | Note
-------+----------+-------------------------------------------
     0 | D:1      | Borgoz the Ghoul Gladiator began the quest for the Orb.
     0 | D:1      | Reached XP level 1. HP: 17/17 MP: 0/0
   508 | D:1      | Reached XP level 2. HP: 15/25 MP: 1/1
   868 | D:1      | Reached skill level 1 in Armour
  1192 | D:2      | Reached XP level 3. HP: 20/30 MP: 2/2
  1328 | D:2      | Noticed Natasha
  1335 | D:2      | Killed Natasha
  1336 | D:2      | Reached XP level 4. HP: 28/37 MP: 3/3
  1433 | D:2      | Noticed Robin
  1755 | D:2      | Killed Robin
  1849 | D:2      | Noticed Natasha
  1948 | D:2      | Killed Natasha
  1949 | D:2      | Reached XP level 5. HP: 45/45 MP: 4/4
  1953 | D:2      | Noticed Natasha
  1964 | D:2      | Killed Natasha
  2069 | D:2      | Noticed Terence
  2077 | D:2      | Killed Terence
  2331 | D:2      | Found an iron altar of Okawaru.
  2335 | D:2      | Noticed Jessica
  2360 | D:2      | Reached XP level 6. HP: 46/51 MP: 5/5
  2369 | D:2      | Killed Jessica
  2421 | D:2      | Became a worshipper of Warmaster Okawaru
  3969 | D:4      | Noticed a phantom
  3998 | D:4      | Killed a phantom
  3999 | D:4      | Reached skill level 1 in Invocations
  3999 | D:4      | Reached XP level 7. HP: 33/57 MP: 6/6
  4470 | D:5      | Entered Level 5 of the Dungeon
  4480 | D:5      | Noticed Prince Ribbit
  4491 | D:5      | HP: 1/57 [Prince Ribbit (13)]
  4513 | D:5      | Killed Prince Ribbit
  4513 | D:5      | Reached * piety under Okawaru
  4818 | D:5      | Found Liuschir's Jewellery Boutique.
  4861 | D:5      | Found a shadowy altar of Dithmenos.
  4872 | D:5      | Reached XP level 8. HP: 66/66 MP: 8/8
  5195 | D:5      | Noticed Eustachio
  5218 | D:5      | Killed Eustachio
  5219 | D:5      | Reached skill level 5 in Dodging
  5335 | D:5      | Found a staircase to the Ecumenical Temple.
  5347 | Temple   | Entered the Ecumenical Temple
  5541 | D:6      | Noticed Grinder
  5559 | D:5      | Reached skill level 5 in Long Blades
  5806 | D:6      | Killed Grinder
  5806 | D:6      | Reached ** piety under Okawaru
  5856 | D:6      | Noticed Pikel
  5874 | D:6      | Killed Pikel
  5875 | D:6      | Reached skill level 5 in Fighting
  5875 | D:6      | Reached skill level 5 in Armour
  5875 | D:6      | Reached XP level 9. HP: 43/74 MP: 10/10
  6270 | D:6      | Reached *** piety under Okawaru
  6501 | D:6      | Found an iron altar of Okawaru.
  7059 | D:7      | Found a bloodstained altar of Trog.
  7236 | D:7      | Got a jacinth-encrusted leather armour
  7454 | D:7      | Identified the +1 leather armour "Ocin" {rCorr Str+4} (You
                  | found it on level 7 of the Dungeon)
  7693 | D:8      | Found Nucsuq's Antique Weapon Shop.
  7853 | D:8      | Received a gift from Okawaru
  7861 | D:8      | Reached XP level 10. HP: 63/83 MP: 10/12
  8484 | D:8      | Reached **** piety under Okawaru
  8586 | D:8      | Found a blossoming altar of Fedhas.
  8589 | D:8      | Noticed an oklob plant
  8589 | D:8      | Noticed an oklob plant
  8840 | D:8      | Reached skill level 5 in Invocations
  8987 | D:9      | Noticed a two-headed ogre
  8999 | D:9      | Killed a two-headed ogre
  9202 | D:9      | Found a staircase to the Orcish Mines.
  9299 | D:9      | Reached ***** piety under Okawaru
  9820 | D:9      | Reached XP level 11. HP: 74/91 MP: 13/13
 10523 | D:9      | Received a gift from Okawaru
 10540 | D:9      | Got a warped triple sword {god gift}
 10541 | D:9      | Identified the +1 triple sword of the Fox {vorpal, Dex+4
                  | Stlth+} (Okawaru gifted it to you on level 9 of the
                  | Dungeon)
 10856 | D:10     | Entered Level 10 of the Dungeon
 11554 | D:10     | Found a staircase to the Lair.
 11925 | D:10     | Received a gift from Okawaru
 12129 | D:10     | Noticed an unseen horror
 12136 | D:10     | Killed an unseen horror
 12748 | D:11     | Noticed a cyclops
 12753 | D:11     | Noticed a cyclops
 12760 | D:11     | Killed a cyclops
 12766 | D:11     | Killed a cyclops
 13041 | D:11     | Reached XP level 12. HP: 91/101 MP: 14/14
 13092 | D:11     | Noticed Grum
 13108 | D:11     | Killed Grum
 13665 | D:11     | Noticed a boulder beetle
 13682 | D:11     | Killed a boulder beetle
 13709 | D:11     | Received a gift from Okawaru
 14564 | D:11     | Reached skill level 10 in Dodging
 15018 | D:11     | Reached skill level 10 in Long Blades
 15939 | Lair:1   | Entered Level 1 of the Lair of Beasts
 16002 | Lair:1   | Got a pair of fine gloves
 16013 | Lair:1   | Identified the +2 pair of gloves "Joat" {Regen+} (You found
                  | it on level 1 of the Lair of Beasts)
 16150 | Lair:1   | Reached skill level 10 in Armour
 16674 | Lair:1   | Got an ichor-stained rapier
 16729 | Lair:1   | Reached XP level 13. HP: 104/111 MP: 15/15
 17346 | Lair:2   | Noticed Harold
 17365 | Lair:2   | Killed Harold
 17365 | Lair:2   | Received a gift from Okawaru
 17367 | Lair:2   | Noticed Sonja
 17387 | Lair:2   | Blown up by Sonja

Illustrated notes

Levels and vault maps discovered:
D:1:      amcnicky_arrival_double_pillar, layout_basic
D:2:      layout_basic, roderic_roman_lattice, okawaru_metal_pillars_1_2,
          uniq_robin, uniq_jessica, uniq_natasha, uniq_terence
D:3:      layout_loops_cross, chequers_serial_rivers_large_b,
          minmay_misc_feat_rows
D:4:      layout_basic
D:5:      layout_rooms, grunt_dithmenos_smoke, minmay_temple_entry_trees,
          serial_shops, shop, uniq_prince_ribbit1, uniq_eustachio
D:6:      layout_rooms, basic_altar, uniq_grinder, uniq_pikel
D:7:      layout_rooms, trog_book
D:8:      nzn_winding_woodlands_three_and_one
          [nzn_winding_woodlands_5x15_split_checker,
          nzn_winding_woodlands_5x15_concentric,
          nzn_winding_woodlands_5x15_crooked,
          nzn_winding_woodlands_center_garden], layout_layer_cave, serial_shops,
          shop, corexii_checkpoint_a, hangedman_tree_tricks
D:9:      layout_stronghold, hiddenorc2_lemuel
D:10:     layout_roguey, david_lair_generic
D:11:     layout_roguey, minmay_the_grid_2x2 [minmay_the_grid_paths,
          minmay_the_grid_large_cup, minmay_the_grid_outer_diamond,
          minmay_the_grid_prize_big_room], uniq_grum
Temple:   kilobyte_greek_temple
Lair:1:   layout_cave_pods, bh_autumn_forest_stairs, grunt_megastairs_1
Lair:2:   layout_cave_shapes, minmay_snake_entry_guardpost_small,
          lightli_volcano_entry_magma_tube, uniq_harold, uniq_sonja

Skill      XL: |  1  2  3  4  5  6  7  8  9 10 11 12 |
---------------+-------------------------------------+-----
Armour         | 1 2 3 5 6 7 9 10 | 10.5
Dodging        | 3 4 6 7 8 9 10 | 10.9
Long Blades    | 3 4 5 6 8 9 10 | 10.8
Fighting       | 3 4 5 6 7 9 |  9.2
Invocations    | 1 2 3 4 5 |  5.0
Throwing       | |  1.7

Action                   |  1- 3 |  4- 6 |  7- 9 | 10-12 | 13-15 || total
-------------------------+-------+-------+-------+-------+-------++-------
Melee: Long sword        |    84 |   180 |   201 |       |       ||   465
       Scimitar          |       |       |    68 |   786 |    72 ||   926
       Punch             |       |       |     2 |     4 |     1 ||     7
       Triple sword      |       |       |       |    21 |       ||    21
Throw: Throwing net      |       |       |     5 |     1 |       ||     6
Invok: Heroism           |       |       |     3 |    16 |     1 ||    20
  Use: Potion            |       |     1 |     8 |     1 |       ||    10
       Scroll            |       |    12 |     8 |     8 |     1 ||    29
 Stab: Sleeping          |       |     1 |       |       |       ||     1
       Invisible         |       |       |     2 |       |       ||     2
       Held in net/web   |       |       |     2 |     2 |       ||     4
       Distracted        |       |       |       |     1 |       ||     1
Armor: Leather armour    |    35 |    35 |       |       |       ||    70
       Scale mail        |       |    15 |   163 |   202 |    48 ||   428
Dodge: Dodged            |   114 |   127 |   307 |   642 |    77 ||  1267
       Rpst.: Long sword |    36 |    43 |    63 |       |       ||   142
       Scimitar          |       |       |    19 |   155 |    23 ||   197
       Triple sword      |       |       |       |     6 |       ||     6
